 Dungeon Crawl Stone Soup version 0.27.1-1-g398f81649c (webtiles) character file.

Game seed: 10214875514014527907

73 Descartes the Shield-Bearer (level 4, -2/35 HPs)
             Began as a Formicid Fighter on Sept 12, 2021.
             Succumbed to a water moccasin's poison
             ... on level 3 of the Dungeon.
             The game lasted 00:03:18 (2344 turns).

Descartes the Shield-Bearer (Formicid Fighter)      Turns: 2344, Time: 00:03:19

Health: -2/35      AC: 10    Str: 21    XL:     4   Next: 51%
Magic:  4/4        EV:  6    Int:  7    God:
Gold:   77         SH: 10    Dex: 11    Spells: 3/3 levels left

rFire    . . .     SeeInvis +   j - +0 great sword
rCold    . . .     Faith    .   c - +0 kite shield
rNeg     . . .     Spirit   .   g - +0 chain mail
rPois    .         Reflect  .   (helmet unavailable)
rElec    .         Harm     .   (no cloak)
rCorr    .         Rampage  .   n - +0 pair of gloves
Will     .....                  (no boots)
Stlth    ..........             (no amulet)
HPRegen  0.11/turn              (no ring)
MPRegen  0.09/turn              (no ring)

@: mighty, lethally poisoned (-2 -> -18)
A: permanent stasis, dig shafts and tunnels, antennae 3, four strong arms
a: Dig, Shaft Self


You were on level 3 of the Dungeon.
You visited 1 branch of the dungeon, and saw 3 of its levels.

You collected 77 gold pieces.

Inventory:

Hand Weapons
 a - a +0 war axe
 j - a +0 great sword (weapon)
 t - a +0 flail
Missiles
 h - 36 sling bullets
 i - 46 stones
 l - 56 arrows
Armour
 b - a +0 scale mail
 c - a +0 kite shield (worn)
 g - a +0 chain mail (worn)
 n - a +0 pair of gloves (worn)
Scrolls
 e - a scroll of blinking {unknown}
 m - 2 scrolls of fog {unknown}
 o - a scroll of identify {unknown}
 r - a scroll of holy word {unknown}
Potions
 d - a potion of might
 f - a potion of curing {unknown}
 k - a potion of brilliance {unknown}
 p - a potion of flight {unknown}
 q - a potion of mutation {unknown}
 s - a potion of heal wounds {unknown}


   Skills:
 - Level 3.2 Fighting
 - Level 2.0 Long Blades
 - Level 2.0 Axes
 - Level 3.2 Armour
 + Level 5.3 Shields


You had 3 spell levels left.
You didn't know any spells.
Your spell library contained the following spells:

 Spells                   Type           Power      Damage    Failure   Level
 Slow                     Hex            0%         N/A       100%        2
 Confusing Touch          Hex            0%         N/A       100%        3
 Vampiric Draining        Necr           0%         2d6       100%        3


Dungeon Overview and Level Annotations

Branches:
Dungeon (3/15)

Altars:
Sif Muna
The Shining One


Innate Abilities, Weirdness & Mutations

You cannot be hasted, slowed, berserked, paralysed or teleported.
You can dig through walls and to a lower floor.
You have a pair of large antennae on your head. (SInv)
Your four strong arms can wield two-handed weapons with a shield.


Message History

You now have 77 gold pieces (gained 14).
A water moccasin comes into view.
You feel very mighty all of a sudden.
The water moccasin bites you but does no damage.
Your shield prevents you from hitting the water moccasin.
The water moccasin barely misses you. The water moccasin bites you.
You miss the water moccasin. You block the water moccasin's attack.
The water moccasin barely misses you.
The water moccasin bites you but does no damage.
You barely miss the water moccasin. The water moccasin bites you!
You are poisoned.
The water moccasin poisons you!
The water moccasin bites you but does no damage.
You miss the water moccasin.
You feel extremely sick.
The water moccasin bites you but does no damage.
The water moccasin barely misses you. You block the water moccasin's attack.
You miss the water moccasin.
You feel very sick.
The water moccasin bites you but does no damage. x2
You closely miss the water moccasin.
You feel very sick.
The water moccasin bites you but does no damage.
You block the water moccasin's attack. The water moccasin barely misses you.
You barely miss the water moccasin.
You feel sick.
The water moccasin bites you but does no damage.
You block the water moccasin's attack.
Your chain mail prevents you from hitting the water moccasin.
You feel sick.
The water moccasin bites you but does no damage.
You block the water moccasin's attack.
The water moccasin bites you but does no damage.
You closely miss the water moccasin.
You feel sick.
You are no longer poisoned.
You block the water moccasin's attack. The water moccasin bites you.
* * * LOW HITPOINT WARNING * * *
You are lethally poisoned!
The water moccasin poisons you!
You completely miss the water moccasin.
You die...

#...............####
#..................####.
#.......................
#...................##..
#.......................
#..............>...###.#
#.................###.
##.............S......
######.##....@....###
#.##........##
#.##........#
#.######.#### #.# #.#
#.# ... #.{ .#.##
###.#$. #.#.$$


You could see a water moccasin.

Vanquished Creatures
  2 adders (D:2)
  2 worms (D:2)
  A dart slug (D:1)
  3 orcs (D:3)
  6 endoplasms
  A giant cockroach (D:2)
  A goblin (D:2)
  4 hobgoblins
  5 jackals (D:1)
  2 kobolds (D:1)
  2 quokkas
  2 ball pythons (D:1)
  5 frilled lizards
  6 rats
42 creatures vanquished.

Notes
Turn   | Place    | Note
-------+----------+-------------------------------------------
     0 | D:1      | Descartes the Formicid Fighter began the quest for the Orb.
     0 | D:1      | Reached XP level 1. HP: 18/18 MP: 1/1
   249 | D:1      | Reached skill level 4 in Shields
   425 | D:1      | Reached XP level 2. HP: 20/24 MP: 2/2
   837 | D:1      | Reached skill level 1 in Long Blades
  1035 | D:1      | Reached XP level 3. HP: 29/29 MP: 3/3
  1660 | D:2      | Found a shimmering blue altar of Sif Muna.
  1768 | D:2      | Reached XP level 4. HP: 35/35 MP: 4/4
  1893 | D:2      | Reached skill level 5 in Shields
  2316 | D:3      | Found a glowing golden altar of the Shining One.
  2331 | D:3      | Noticed a water moccasin
  2344 | D:3      | Succumbed to a water moccasin's poison

Illustrated notes

Levels and vault maps discovered:
D:1:      nicolae_arrival_washed_ashore, layout_loops_cross, minmay_misc_feat_x,
          chequers_serial_rivers_small_3
D:2:      layout_rooms, basic_altar
D:3:      layout_rooms, nicolae_wu_jian_immortal_techniques,
          mainiacjoe_overflow_alcove_2, amcnicky_altar_gilded,
          hellmonk_ecumenical_altar_arch_garden

Skill      XL: |  1  2  3  4 |
---------------+-------------+-----
Shields        | 4 5 |  5.3
Long Blades    | 1 2 |  2.0
Fighting       | |  3.2
Axes           | |  2.0
Armour         | |  3.2

Action                   |  1- 3 |  4- 6 || total
-------------------------+-------+-------++-------
Melee: War axe           |    22 |       ||    22
       Great sword       |    86 |    64 ||   150
  Use: Potion            |       |     1 ||     1
Armor: Chain mail        |    63 |    48 ||   111
       Scale mail        |     3 |       ||     3
Dodge: Dodged            |    33 |    29 ||    62
Block: Kite shield       |    84 |    57 ||   141
       Rpst.: Great sword |     8 |     6 ||    14
